← All builds
Front / Armada / Economy first / OBSERVED BUILD

Standard front

Armada Front build order · Supreme Isthmus

Standard economy-first Front play: Bot Lab and Vehicle Plant up immediately, units trickle to the coast and middle, with an Advanced Metal Extractor around 9:00 as the eco transition.

#eco · 1699 distinct matches · 247 players · 74% of Armada Front games · team won 61% of 1993 · Recently observed

HOW TO PLAY IT

Key timing: T2 constructor by 7:43

  1. Open mex and wind, drop Bot Lab and Vehicle Plant almost immediately.
  2. Pump Blitz, Rocketeer and Pawn to the coast to stop leaks first.
  3. Add Centurion and Janus once first units are moving up.
  4. Form units into a line pushing toward middle as numbers grow.
  5. Upgrade to Advanced Metal Extractor as the economy transition kicks in.

Phase by phase

TYPICAL OF ITS 1699 GAMES
  1. 1
  2. 2
  3. 3
PLAY THE OPENING

Follow the example game's first 6:00 step by step: what to build now, what comes next, and where it goes. At 1× it keeps pace with your own game.

  1. 1

    Up to the Bot Lab

    Economy
    • Metal Extractor2Mex
    Order
    1. Bot LabBot Lab after 2 mex, 1 winddone ~0:44, middle half 0:33–0:54

    Some games also: wind (48%) · Vehicle Plant (35%)

    By 0:28 in all: 2 mex

    The example game in this phase · 3 steps
    1. Mex ×2
    2. Solar
    3. Wind
  2. 2

    Bot Lab to 5:00

    Economy
    • Metal Extractor4Mex
    • Wind Turbine3Wind
    Builders
    • Construction Bot1 Con bot
    Army
    • Sentry1 Sentry
    • Rocketeer6 Rocketeer

    Some games also: Lazarus (49%) · tick (46%) · centurion (40%) · con vehicle (32%) · janus (32%)

    By 5:00 in all: 6 mex · 6 wind

    The example game in this phase · 29 steps
    1. Wind
    2. Vehicle PlantVehicle Plantdone 0:56 · typical 0:47
    3. RoverScout ×4
    4. Construction VehicleCon vehiclefor Suicide front
    5. Mex
    6. JanusJanus
    7. Construction VehicleCon vehicle
    8. Mex ×2
    9. JanusJanus
    10. Mex
    11. Construction VehicleCon vehicle
    12. SentrySentry
    13. JanusJanus
    14. Wind
    15. SentrySentry
    16. JanusJanus
    17. SentrySentry
    18. Wind
    19. WhistlerMissile truck
    20. Wind
    21. WhistlerMissile truck
    22. Construction VehicleCon vehicle
    23. Wind
    24. BlitzBlitz ×2
    25. Wind
    26. BlitzBlitz ×4
    27. Wind
    28. BlitzBlitz ×3
    29. Wind
  3. 3

    5:00 to 10:00

    Economy
    • Metal Extractor1Mex
    • Wind Turbine14Wind
    Builders
    • Construction Turret2 Con turret
    Army
    • Sentry1 Sentry

    Some games also: rocketeer (46%) · energy storage (43%) · Lazarus (38%) · con bot (37%) · Radar Tower (36%)

    By 10:00 in all: 7 mex · 24 wind · 1 energy storage · 3 con turret

    The example game in this phase · 130 steps
    1. BlitzBlitz
    2. Wind ×2
    3. Mex
    4. Construction VehicleCon vehicle ×2
    5. Wind
    6. BlitzBlitz
    7. Con turret
    8. BlitzBlitz
    9. Mex
    10. Wind
    11. BlitzBlitz ×2
    12. Wind
    13. BlitzBlitz ×2
    14. Wind
    15. BlitzBlitz
    16. Wind
    17. Advanced Metal ExtractorT2 mexdone 7:41 · typical 9:01
    18. BlitzBlitz ×3
    19. Mex
    20. BlitzBlitz ×3
    21. Wind
    22. Energy storage
    23. Wind
    24. BlitzBlitz
    25. Wind
    26. Advanced Metal ExtractorT2 mex
    27. BlitzBlitz
    28. Wind
    29. JanusJanus
    30. BlitzBlitz
    31. Wind
    32. JanusJanus
    33. BlitzBlitz
    34. RocketeerRocketeer
    35. Wind
    36. BlitzBlitz
    37. RocketeerRocketeer ×2
    38. Wind
    39. BlitzBlitz
    40. Advanced Metal ExtractorT2 mex
    41. Wind
    42. BlitzBlitz
    43. RocketeerRocketeer
    44. BlitzBlitz
    45. RocketeerRocketeer
    46. Wind
    47. BlitzBlitz
    48. Wind
    49. BlitzBlitz
    50. Con turret
    51. Wind
    52. StoutStout
    53. Advanced Metal ExtractorT2 mex
    54. Wind ×2
    55. StoutStout
    56. Wind
    57. StoutStout
    58. Wind ×3
    59. Advanced Metal ExtractorT2 mex
    60. StoutStout
    61. Wind ×5
    62. StoutStout
    63. Wind
    64. StoutStout
    65. Wind
    66. StoutStout
    67. Con turret ×3
    68. StoutStout
    69. Con turret
    70. StoutStout
    71. RattlesnakeRattlesnakedone 13:04
    72. StoutStout
    73. Wind ×2
    74. StoutStout
    75. Wind ×2
    76. StoutStout
    77. Wind ×5
    78. StoutStout
    79. Wind
    80. Advanced Radar TowerAdvanced Radar Tower
    81. Dragon's TeethDragon's Teeth
    82. Wind
    83. Dragon's TeethDragon's Teeth ×2
    84. StoutStout
    85. Dragon's TeethDragon's Teeth
    86. Wind ×2
    87. Dragon's TeethDragon's Teeth ×3
    88. Wind
    89. StoutStout
    90. Dragon's TeethDragon's Teeth
    91. Wind
    92. StoutStout
    93. Wind ×2
    94. StoutStout
    95. AnemoneAnemone
    96. Wind ×2
    97. StoutStout
    98. Wind
    99. Fortification WallFortification Wall
    100. Wind ×2
    101. Fortification WallFortification Wall
    102. StoutStout
    103. AnemoneAnemone
    104. Wind
    105. Fortification WallFortification Wall
    106. Wind
    107. StoutStout
    108. Fortification WallFortification Wall
    109. Wind
    110. StoutStout
    111. Con turret
    112. Fortification WallFortification Wall
    113. Wind
    114. StoutStout
    115. Fortification WallFortification Wall
    116. Wind
    117. StoutStout
    118. Fortification WallFortification Wall
    119. StoutStout
    120. Wind
    121. Fortification WallFortification Wall
    122. Wind
    123. StoutStout ×2
    124. Wind
    125. AnemoneAnemone
    126. Vehicle PlantEat Vehicle Plantreclaimed for its metal
    127. Sneaky PeteSneaky Pete
    128. Wind ×3
    129. CitadelAnti-nukenot finished by 15:00
    130. Wind ×6

Counts are medians over the build's games: half of them build more, half fewer. The example game is Leohvm's (52 OS, 13/10/2026); pick another.

Team trades

IN AT LEAST 30% OF ITS GAMES

You hand over

Nothing regular.

You get

  • Tidal Generator4 Tidal from Pondfirst at 0:17 · in 68% of games
  • Advanced Construction Bot1 T2 con bot from Geo or Techfirst at 7:23 · in 64% of games

How it plays out

Typical game of this build, running totals by minute

Metal produced

010k20k30k
0:005:0010:0015:00

metal

Enemy metal destroyed

05k10k
0:005:0010:0015:00

metal

Own metal lost

05k10k
0:005:0010:0015:00

metal

1993 games.

Show as table
ByMetal produced: This buildEnemy metal destroyed: This buildOwn metal lost: This build
1:0033300
2:008402131
3:001618135108
4:002699522333
5:0038471127787
6:00503519231427
7:00624927142302
8:00753435443173
9:00897343264069
10:001053850054807
11:001237355335547
12:001452759766408
13:001685764686999
14:001922071637826
15:002185478688687
WHAT THE NUMBERS SAY

Standard Front play wins more often than Suicide front and produces more metal by 15:00 while losing less of it.

  • + Metal produced reaches 22627 by 15:00, well above Suicide front's 20142.
  • + Own metal lost is 8944 by 15:00, lower than enemy metal destroyed ratio of Suicide front.
  • − First unit lost already at 1:43, showing exposure despite the safer position.
  • − Blitz dominates army share at 25%, leaving fewer Centurion for anti-swarm.
THE EXAMPLE YOU ARE READING

Leohvm

52.1 OS · 13/10/2026

Open source match ↗

12 received units · includes a constructor
431 metal received · 25560 energy received

Allied construction assistance is unknown. Timings are observations, not a promise of solo reproducibility.

Typical milestones

Bot Lab0:44Middle 50%: 0:33–0:54 · n=1331
Vehicle Plant0:47Middle 50%: 0:41–1:14 · n=1285
Advanced Metal Extractor9:01Middle 50%: 8:09–10:15 · n=1563

Played most by

haaven107games of this buildHummell107games of this buildLeohvm93games of this buildTheGeneraI75games of this buildXad69games of this build